 Dungeon Crawl Stone Soup version 0.29.1-15-g9cfb28693d (webtiles) character file.

Game seed: 8631536519281564413

686 GeoRichter the Conjurer (level 7, 0/41 HPs)
             Began as an Octopode Conjurer on Mar 19, 2023.
             Slain by Duvessa
             ... wielding a +0 short sword
              (16 damage)
             ... on level 5 of the Dungeon.
             The game lasted 00:07:23 (5907 turns).

GeoRichter the Conjurer (Octopode Conjurer)         Turns: 5907, Time: 00:07:24

Health: 0/41       AC:  3    Str:  7    XL:     7   Next: 62%
Magic:  0/13       EV: 13    Int: 22    God:
Gold:   59         SH:  0    Dex: 10    Spells: 7/14 levels left

rFire   . . .      SeeInvis .   k - +8 dagger of the Ship {protect, rPois Will+ Stlth+}
rCold   . . .      Faith    .   (no shield)
rNeg    . . .      Spirit   .   m - +2 hat
rPois   +          Reflect  .   (no amulet)
rElec   .          Harm     .   a - ring of resist corrosion
rCorr   +          Rampage  .   (no ring)
Will    +....                   (no ring)
Stlth   ++++......              (no ring)
HPRegen 0.13/turn               (no ring)
MPRegen 0.13/turn               (no ring)
                                (no ring)
                                (no ring)

@: very slightly contaminated
A: almost no armour, amphibious, 8 rings, camouflage 1, gelatinous body 1,
(nimble swimmer 1), tentacles
a: no special abilities


You were on level 5 of the Dungeon.
You visited 1 branch of the dungeon, and saw 5 of its levels.
You also visited: Sewer.

You collected 155 gold pieces.
You spent 96 gold pieces at shops.

Inventory:

Hand Weapons
 k - the +8 dagger of the Ship (weapon) {protect, rPois Will+ Stlth+}
   (You found it on level 4 of the Dungeon)

   It grants its wielder temporary protection when it strikes (+7 to AC).
   rPois:     It protects you from poison.
   Will:      It increases your willpower.
   Stlth:     It makes you more stealthy.
Armour
 m - a +2 hat (worn)
   (You found it on level 3 of the Dungeon)
Jewellery
 a - a ring of resist corrosion (left tentacle)
   (You found it on level 4 of the Dungeon)
 e - a ring of fire
   (You found it on level 1 of the Dungeon)
Wands
 n - a wand of acid (11)
   (You found it on level 3 of the Dungeon)
Scrolls
 b - a scroll of torment {!r}
 f - a scroll of silence
 i - 2 scrolls of fear {unknown}
 l - 2 scrolls of immolation {!r}
 p - a scroll of teleportation {@r4}
 r - a scroll of enchant armour {unknown}
Potions
 c - 3 potions of haste {unknown}
 d - a potion of cancellation
 g - a potion of flight
 h - 4 potions of curing {@q1}
 j - a potion of might {unknown}
 o - 3 potions of mutation {!q}
 q - a potion of heal wounds {@q2}


   Skills:
 - Level 2.0 Dodging
 - Level 3.0 Stealth
 + Level 4.2 Spellcasting
 * Level 7.2 Conjurations
 + Level 3.0 Translocations


You had 7 spell levels left.
You knew the following spells:

 Your Spells              Type           Power      Damage    Failure   Level
a - Magic Dart            Conj           100%       1d8       1%          1
b - Searing Ray           Conj           72%        2d7       1%          2
c - Iskenderun's Mystic   Conj/Tloc      27%        2d7       13%         4

Your spell library contained the following spells:

 Spells                   Type           Power      Damage    Failure   Level
 Dazzling Flash           Conj/Hex       40%        N/A       8%          3
 Sublimation of Blood     Necr           4%         N/A       17%         2
 Wereblood                Tmut           4%         N/A       17%         2
 Fulminant Prism          Conj/Hex       10%        3d9       24%         4
 Summon Hydra             Summ           2%         N/A       100%        7


Dungeon Overview and Level Annotations

Branches:
Dungeon (5/15) Zot: 25248   Sewer (visited)
 Temple: D:4-7

Altars:
Wu Jian

Shops:
D:1 !   D:4 [

Annotations:
D:5 Duvessa


Innate Abilities, Weirdness & Mutations

You cannot wear most types of armour.
You are amphibious.
You can wear up to eight rings at the same time.
Your skin changes colour to match your surroundings (Stealth+).
Your rubbery body absorbs attacks. (AC +1, EV +1)
((You are camouflaged when in or above water. (Stealth+)))
You have tentacles for arms and can constrict up to eight enemies at once.


Message History

Done exploring.
Okay, then.
You climb downwards.
There is a stone staircase leading up here.
Okay, then.
A scorpion comes into view.
A scorpion is nearby!
The magic dart hits the scorpion.
The magic dart hits the scorpion.
The magic dart hits the scorpion.
The magic dart hits the scorpion.
Aim: a scorpion (heavily wounded, 81% to hit)
The searing ray hits the scorpion! (Press . to maintain the ray.)
The searing ray hits the scorpion!
You kill the scorpion!
Found a stone staircase leading down.
Dowan, Brother of Duvessa comes into view.
He is wielding a +0 dagger.
Dowan shouts!
You hear a shout!
Aim: Dowan, wielding a +0 dagger and wearing a +2 robe (73% to hit)
The searing ray hits Dowan! (Press . to maintain the ray.)
The searing ray hits Dowan!
Duvessa, Sister of Dowan comes into view.
She is wielding a +0 short sword.
The searing ray hits Dowan.
The searing ray hits Duvessa!
Dowan closely misses you.
The searing ray hits Dowan.
You kill Dowan!
Duvessa weeps, and shakes her weapon.
Duvessa goes berserk!
The searing ray hits Duvessa.
You finish channelling your searing ray.
Your Translocations skill increases to level 3!
Aim: Duvessa, wielding a +0 short sword and wearing a +0 leather armour (moderately wounded, berserk, 83% to hit)
The searing ray hits Duvessa. (Press . to maintain the ray.) Duvessa hits you with a +0 short sword.
Duvessa completely misses you.
There are no items here.
The searing ray hits Duvessa!
Duvessa misses you.
The searing ray hits Duvessa.
Duvessa hits you with a +0 short sword. Duvessa hits you with a +0 short sword!
The searing ray hits Duvessa!
You finish channelling your searing ray.
Duvessa hits you with a +0 short sword!
* * * LOW HITPOINT WARNING * * *
The spell is quite dangerous to miscast (13% risk of failure)!
Continue anyway?
You miscast Iskenderun's Mystic Blast.
You are very lightly contaminated with residual magic.
Nothing appears to happen.
Duvessa barely misses you. Duvessa hits you with a +0 short sword!
You die...

...#......#
##.#....#.#
#.######.# .>.
#.### ### #.# #
#...# ...#.#.#
###.# #.#.#.# #.#
#.e...# #.# #@# #.#
#.# #.# #.# #.# #
##.# #.# #.##..#
#.## #.#..## #..#
#.#...##########.##
#................#
###.##############


You could see Duvessa (berserk).

Vanquished Creatures
  A phantom (D:4)
  2 kobold brigands (Sewer)
  A bullfrog (D:4)
  A scorpion (D:5)
  Dowan (D:5)
  An orc priest (D:3)
  Jessica (D:2)
  Terence (D:3)
  An orc wizard (D:3)
  4 adders
  5 river rats (Sewer)
  5 worms
  3 orcs
  5 endoplasms
  4 giant cockroaches
  6 goblins
  2 hobgoblins
  11 jackals
  4 quokkas
  11 ball pythons
  10 bats
  6 frilled lizards
  9 kobolds
  14 rats
109 creatures vanquished.

Notes
Turn   | Place    | Note
-------+----------+-------------------------------------------
     0 | D:1      | GeoRichter the Octopode Conjurer began the quest for the
                  | Orb.
     0 | D:1      | Reached XP level 1. HP: 11/11 MP: 3/3
   235 | D:1      | Reached XP level 2. HP: 17/17 MP: 0/5
   432 | D:1      | Found Yrynne's Distillery.
   551 | D:1      | Reached XP level 3. HP: 21/21 MP: 1/6
  1009 | D:1      | Bought a potion of curing for 36 gold pieces
  1068 | D:2      | Learned a level 2 spell: Searing Ray
  1216 | D:2      | Reached skill level 5 in Conjurations
  1216 | D:2      | Reached XP level 4. HP: 12/27 MP: 0/7
  1782 | D:2      | Noticed Jessica
  1785 | D:2      | Killed Jessica
  2067 | D:3      | Found a faded altar of an unknown god.
  2212 | D:3      | Noticed Terence
  2219 | D:3      | Killed Terence
  2220 | D:3      | Reached XP level 5. HP: 31/31 MP: 0/9
  2348 | D:3      | Reached skill level 1 in Translocations
  3471 | D:3      | Found an ornate altar of the Wu Jian Council.
  3551 | D:4      | Found Xeedaer's Armour Boutique.
  3631 | D:4      | Reached skill level 6 in Conjurations
  3631 | D:4      | Reached XP level 6. HP: 22/36 MP: 3/11
  3693 | D:4      | Found a glowing drain.
  3710 | Sewer    | Entered a sewer
  3720 | Sewer    | Learned a level 4 spell: Iskenderun's Mystic Blast
  4387 | Sewer    | Reached XP level 7. HP: 41/41 MP: 3/12
  5025 | D:4      | Reached skill level 7 in Conjurations
  5474 | D:4      | Identified the +8 dagger of the Ship {protect, rPois Will+
                  | Stlth+}
  5675 | D:1      | Bought a potion of heal wounds for 60 gold pieces
  5789 | D:5      | Entered Level 5 of the Dungeon
  5898 | D:5      | Noticed Dowan
  5900 | D:5      | Noticed Duvessa
  5902 | D:5      | Killed Dowan
  5907 | D:5      | Slain by Duvessa

Illustrated notes

Levels and vault maps discovered:
D:1:      tarquinn_simple_flora_water_f, layout_rooms, serial_shops, shop,
          minmay_liquid_box
D:2:      layout_loops_ring, uniq_jessica
D:3:      layout_basic, nicolae_wu_jian_glorious_leap, basic_ecumenical_altar,
          kennysheep_generic_room_14, uniq_terence
D:4:      layout_loops_cross, serial_shops, nicolae_stop_n_shop_1,
          cheibrodos_sewer_entry_sluice, st_stairs_3
D:5:      layout_basic, serial_shops, nicolae_shop_behind_doors,
          nicolae_shop_hallway_stairs, nicolae_shop_competitors_out_of_business,
          nicolae_shop_trees, nicolae_shop_overgrown_old_shop, uniq_duvessa

Skill      XL: |  1  2  3  4  5  6  7 |
---------------+----------------------+-----
Stealth        | 3 |  3.0
Conjurations   | 5 6 7 |  7.2
Spellcasting   | 3 4 |  4.2
Translocations | 1 2 3 |  3.0
Dodging        | |  2.0

Action                   |  1- 3 |  4- 6 |  7- 9 || total
-------------------------+-------+-------+-------++-------
Melee: Unarmed           |    15 |     9 |       ||    24
       Constrict         |     4 |     1 |       ||     5
       Tentacles         |     3 |       |       ||     3
       Punch             |       |     1 |       ||     1
 Cast: Magic Dart        |    58 |   117 |    47 ||   222
       Searing Ray       |     1 |     7 |     7 ||    15
  Use: Scroll            |     4 |     3 |     4 ||    11
       Potion            |       |     1 |       ||     1
Armor: Skin              |     1 |     2 |     1 ||     4
Dodge: Dodged            |    13 |    19 |     9 ||    41
